[Event "Early-Titled-Tuesday-Blitz-November-28-2023"]
[Site "Chess.com"]
[Date "2023.11.28"]
[Round "2"]
[White "h4parah5"]
[Black "GatoRojo150"]
[Result "1-0"]
[WhiteElo "2947"]
[BlackElo "2604"]
[TimeControl "180+1"]
[EndTime "8:16:20 PST"]
[Termination "h4parah5 won by resignation"]

1. e4 e5 2. Nf3 Nc6 3. Nc3 Nf6 4. h3 Bb4 5. a3 Bxc3 6. dxc3 Nxe4 7. Nxe5 Nxe5 8.
Qd4 O-O 9. Qxe4 d5 10. Qa4 Bd7 11. Qf4 Qe8 12. Be3 Ng6 13. Qxc7 Bb5 14. O-O-O Bxf1 15. Rhxf1 Qb5 16. Qc5 Qa4 17. Qxd5 Rad8 18. Qxd8 Rxd8 19. Rxd8+ Nf8 20. Bc5 Qf4+ 21. Kb1 h5 22. Rxf8+ Kh7 23. Rd1 Qe4 24. g3 Qf3 25. Rd3 Qh1+ 26. Ka2 Qxh3 27. c4 Qg4 28. b3 Qe2 29. Kb2 Qe5+ 30. Bd4 Qe7 31. Ra8 b6 32. Bc3 Qe2 33. Rd2 Qe4 34.
Rxa7 Qf5 35. Rb7 Qe6 36. a4 Qc6 37. Rxf7 1-0

[Event "Early-Titled-Tuesday-Blitz-November-28-2023"]
[Site "Chess.com"]
[Date "2023.11.28"]
[Round "2"]
[White "TRadjabov"]
[Black "RobertJFischer71"]
[Result "1-0"]
[WhiteElo "3019"]
[BlackElo "2622"]
[TimeControl "180+1"]
[EndTime "8:16:24 PST"]
[Termination "TRadjabov won on time"]

1. c4 c6 2. b3 d5 3. Bb2 Nf6 4. Nf3 Nbd7 5. e3 e6 6. Nc3 Bd6 7. Qc2 Qe7 8. Be2 a6 9. g4 h6 10. Rg1 e5 11. cxd5 cxd5 12. g5 hxg5 13. Nxg5 e4 14.
O-O-O Ne5 15. f4 exf3 16. Nxf3 Neg4 17. Nd4 Nf2 18. Rdf1 Rxh2 19. Nf3 Nh3 20. Rxg7 Rf2 21. Rxf2 Nxf2 22. Ng5 Be6 23. Nh7 Rc8 24. Nxf6+ Qxf6 25.
Rg8+ Bf8 26. Ba3 Kd7 27. Rxf8 Rxf8 28. Bxf8 1-0

[Event "Early-Titled-Tuesday-Blitz-November-28-2023"]
[Site "Chess.com"]
[Date "2023.11.28"]
[Round "2"]
[White "talaicito"]
[Black "viktorgen2021"]
[Result "0-1"]
[WhiteElo "2205"]
[BlackElo "2475"]
[TimeControl "180+1"]
[EndTime "8:16:24 PST"]
[Termination "viktorgen2021 won on time"]

1. d4 Nf6 2. Nc3 d5 3. Bf4 e6 4. e3 Bd6 5. Nf3 O-O 6. Bd3 h6 7. O-O c5 8. dxc5 Bxf4 9. exf4 Qc7 10. Ne5 Qxc5 11. Re1 Nc6 12. a3 Bd7 13. g4 Nxe5 14.
fxe5 Nh7 15. Qf3 Ng5 16. Qg2 d4 17. Ne4 Qe7 18. f4 Nxe4 19. Qxe4 g6 20. Qxd4 Bc6 21.
Qf2 Rad8 22. Rad1 Rd7 23. h4 Rfd8 24. f5 Rd4 25. Be2 Rxd1 26. Rxd1 Rxd1+ 27. Bxd1 exf5 28. gxf5 Qxe5 29. fxg6 fxg6 30. c3 Qd5 0-1

[Event "Early-Titled-Tuesday-Blitz-November-28-2023"]
[Site "Chess.com"]
[Date "2023.11.28"]
[Round "2"]
[White "maurovargas01"]
[Black "ElVital"]
[Result "0-1"]
[WhiteElo "1857"]
[BlackElo "2414"]
[TimeControl "180+1"]
[EndTime "8:16:25 PST"]
[Termination "ElVital won by checkmate"]

1. e4 c5 2. Nc3 d6 3. f4 Nc6 4.
Nf3 g6 5. Bb5 Bd7 6. Bxc6 Bxc6 7. d3 Bg7 8. O-O e6 9. Qe1 Qd7 10. a3 Nh6 11. Bd2 O-O 12. Qh4 f5 13. Rae1 Rae8 14.
Re2 b5 15. Ng5 b4 16. Nd1 a5 17. Rfe1 e5 18. fxe5 dxe5 19. Re3 f4 20. Rh3 c4 21.
Nf2 c3 22. bxc3 bxa3 23. Ng4 Qxg4 24. Qxg4 Nxg4 25. Nxh7 Rf7 26. Ng5 Rb7 27. Ra1 Bf8 28.
c4 Rb2 29. Bxa5 a2 30. Bc3 Rb1+ 31. Rxb1 axb1=R+ 32. Be1 Rxe1# 0-1

[Event "Early-Titled-Tuesday-Blitz-November-28-2023"]
[Site "Chess.com"]
[Date "2023.11.28"]
[Round "2"]
[White "kakarot_001"]
[Black "TheAlienParty"]
[Result "1-0"]
[WhiteElo "2701"]
[BlackElo "2385"]
[TimeControl "180+1"]
[EndTime "8:16:26 PST"]
[Termination "kakarot_001 won by resignation"]

1. e4 e5 2. Nf3 Nc6 3. Bc4 Bc5 4. c3 Nf6 5. d3 O-O 6. Bb3 d5 7. exd5 Nxd5 8. O-O h6 9. Re1 Bg4 10. h3 Bh5 11. Nbd2 Nf4 12. Ne4 Bd6 13. Bxf4 exf4 14.
d4 g5 15. Qd3 Bg6 16. Qb5 Rb8 17. Ne5 Bxe5 18. dxe5 Kg7 19. e6 fxe6 20. Nc5 Bf5 21. Bxe6 Kg6 22. Rad1 a6 23. Qb3 Qf6 24. Nd7 Bxe6 25. Rxe6 Na5 26. Rxf6+ Rxf6 27. Qc2+ Rf5 28. Nxb8 1-0

[Event "Early-Titled-Tuesday-Blitz-November-28-2023"]
[Site "Chess.com"]
[Date "2023.11.28"]
[Round "2"]
[White "Crasmus"]
[Black "masterofpuppets2"]
[Result "0-1"]
[WhiteElo "2268"]
[BlackElo "2506"]
[TimeControl "180+1"]
[EndTime "8:16:27 PST"]
[Termination "masterofpuppets2 won by resignation"]

1. c4 e6 2. g3 d5 3. Bg2 Nf6 4. Nf3 Be7 5. d4 O-O 6. O-O dxc4 7. Qc2 b5 8. a4 b4 9. Qxc4 Ba6 10. Qc2 c5 11. Rd1 Nbd7 12. Ne5 Rc8 13. Nc6 Qe8 14.
Nxa7 Rc7 15. Nc6 Bd6 16. dxc5 Bxc5 17. Bg5 Nd5 18. e4 N5b6 19. a5 Nc8 20. e5 Kh8 21.
Rxd7 Qxd7 22. Na3 Rxc6 23. Bxc6 Qxc6 24. Rc1 bxa3 25. Qxc5 Qxc5 26. Rxc5 axb2 0-1

[Event "Early-Titled-Tuesday-Blitz-November-28-2023"]
[Site "Chess.com"]
[Date "2023.11.28"]
[Round "2"]
[White "simonachess"]
[Black "chess_blitz00"]
[Result "0-1"]
[WhiteElo "2253"]
[BlackElo "2502"]
[TimeControl "180+1"]
[EndTime "8:16:27 PST"]
[Termination "chess_blitz00 won by resignation"]

1. d4 d6 2. c4 g6 3. Nc3 Bg7 4. e4 c5 5. Be3 Nc6 6. Nge2 cxd4 7. Nxd4 Nf6 8. Be2 O-O 9. O-O Bd7 10. Rc1 Rc8 11.
Kh1 a6 12. Qd2 Ne5 13. Nd5 Nxd5 14. cxd5 b5 15. b3 Ng4 16. Bg5 h6 17. Bf4 Rxc1 18. Rxc1 Nxf2+ 0-1

[Event "Early-Titled-Tuesday-Blitz-November-28-2023"]
[Site "Chess.com"]
[Date "2023.11.28"]
[Round "2"]
[White "rasmussvane"]
[Black "Leo_C"]
[Result "1-0"]
[WhiteElo "2989"]
[BlackElo "2617"]
[TimeControl "180+1"]
[EndTime "8:16:28 PST"]
[Termination "rasmussvane won by resignation"]

1. Nf3 Nf6 2. g3 d5 3. Bg2 e6 4. O-O Be7 5. c4 O-O 6. b3 a5 7. Nc3 c6 8. Bb2 d4 9. Na4 c5 10. e3 Nc6 11. exd4 cxd4 12. Re1 Qc7 13. Nxd4 Nxd4 14.
Bxd4 Ra6 15. Be5 Qd8 16. Qe2 Bd7 17. Nc3 Bc6 18. Rad1 Bxg2 19. Kxg2 Nd7 20. Bf4 e5 21.
Be3 Nf6 22. Bg5 Re6 23. Bxf6 Bxf6 24. Nd5 Rfe8 25. d3 Qd6 26. Qf3 Bd8 27. Re2 Rh6 28.
Rde1 Rhe6 29. h4 Qd7 30. Qg4 Qd6 31. h5 Qc6 32. Qf3 Qd6 33. Re4 Qa3 34. R4e2 Qd6 35. Qe4 Qa3 36. Qg4 Qd6 37. Re3 h6 38. d4 exd4 39.
Qxd4 Rxe3 40. Rxe3 Rxe3 41. Qxe3 Bg5 42. Qe8+ Kh7 43.
Qxf7 1-0

[Event "Early-Titled-Tuesday-Blitz-November-28-2023"]
[Site "Chess.com"]
[Date "2023.11.28"]
[Round "2"]
[White "GoltsevDmitry2000"]
[Black "crosky"]
[Result "1-0"]
[WhiteElo "2684"]
[BlackElo "2314"]
[TimeControl "180+1"]
[EndTime "8:16:30 PST"]
[Termination "GoltsevDmitry2000 won on time"]

1. e4 c6 2. d4 d5 3. Nc3 dxe4 4.
Nxe4 Nf6 5. Qe2 Nxe4 6. Qxe4 Nd7 7. Nf3 Nf6 8. Qh4 Bf5 9. c3 e6 10. Ne5 Be7 11. Qg3 O-O 12. Be2 Ne4 13. Qe3 Bg5 14.
f4 Bh4+ 15. g3 Bf6 16. O-O h6 17. b3 c5 18. dxc5 Rc8 19. b4 a5 20. a3 Qc7 21. Nc4 Nxc3 22. Bb2 Bd4 23. Bxc3 Bxe3+ 24. Nxe3 Be4 25. Be5 Qc6 26. Bd6 Rfd8 27. b5 Qe8 28. Rfd1 f6 29. a4 Kh8 30. Nc4 e5 31. fxe5 fxe5 32.
Bg4 Ra8 33. Re1 Qg6 34. Nxe5 1-0

[Event "Early-Titled-Tuesday-Blitz-November-28-2023"]
[Site "Chess.com"]
[Date "2023.11.28"]
[Round "2"]
[White "Witik"]
[Black "Kaua18"]
[Result "1-0"]
[WhiteElo "2799"]
[BlackElo "2541"]
[TimeControl "180+1"]
[EndTime "8:16:31 PST"]
[Termination "Witik won by resignation"]

1. e4 c6 2. d4 d5 3. exd5 cxd5 4. Bd3 Nc6 5. c3 Nf6 6. Bf4 g6 7. Nd2 Bg7 8. h3 O-O 9. Ngf3 Re8 10. O-O Nh5 11. Bh2 e5 12. dxe5 Nxe5 13. Bxe5 Bxe5 14. Nxe5 Rxe5 15. Nf3 Re8 16. Re1 Nf4 17. Rxe8+ Qxe8 18. Bf1 Bf5 19. Qd2 Qb8 20. Nd4 Bd7 21. Re1 Qd6 22. h4 a6 23. g3 Ne6 24. Bg2 Rd8 25. h5 Re8 26. h6 Nc5 27. Rxe8+ Bxe8 28. Qg5 Bc6 29.
Nf5 Qe6 30. Qd8+ Qe8 31. Qf6 Ne6 32. Ne7+ Kf8 33. Nxg6+ hxg6 34. h7 1-0

[Event "Early-Titled-Tuesday-Blitz-November-28-2023"]
[Site "Chess.com"]
[Date "2023.11.28"]
[Round "2"]
[White "djano"]
[Black "Alexander_Donchenko"]
[Result "0-1"]
[WhiteElo "2565"]
[BlackElo "2866"]
[TimeControl "180+1"]
[EndTime "8:16:33 PST"]
[Termination "Alexander_Donchenko won by resignation"]

1. e4 e5 2. Nf3 Nc6 3. d4 exd4 4. Nxd4 Nf6 5. Nxc6 bxc6 6. Nd2 d5 7. exd5 cxd5 8. Bd3 Bd6 9. O-O O-O 10. h3 c5 11.
b3 a5 12. Bb2 a4 13. Qf3 Be6 14. Rfe1 Re8 15. c4 d4 16. Nf1 Rb8 17. Bc2 Bxc4 18. Ng3 Bd5 19. Qf5 axb3 20. axb3 Rxe1+ 21. Rxe1 Bxb3 22. Bxb3 Rxb3 23. Bc1 Bxg3 24. fxg3 d3 25. Qxc5 h6 26. Bd2 Rb2 27. Qc3 Rc2 28. Qb4 Qd5 29. Kh2 Kh7 30. Re3 h5 31. Rf3 Ne4 32. Bf4 d2 33. Bxd2 Rxd2 34. Qb1 f5 35. Rf4 Rxg2+ 36.
Kxg2 Nd2+ 0-1

[Event "Early-Titled-Tuesday-Blitz-November-28-2023"]
[Site "Chess.com"]
[Date "2023.11.28"]
[Round "2"]
[White "Hasangatin_Ramil"]
[Black "NCchamp"]
[Result "1-0"]
[WhiteElo "2691"]
[BlackElo "2346"]
[TimeControl "180+1"]
[EndTime "8:16:34 PST"]
[Termination "Hasangatin_Ramil won by resignation"]

1. e4 c6 2. Nf3 d5 3. d3 dxe4 4. dxe4 Qxd1+ 5. Kxd1 Bg4 6. Be2 Nd7 7. Nfd2 Bxe2+ 8.
Kxe2 Ngf6 9. f3 e6 10. Nb3 Bd6 11. Be3 Ke7 12. N1d2 b6 13. a4 c5 14. Nc4 Bc7 15.
g4 Ne5 16. Ncd2 h6 17. h3 Nfd7 18. f4 Nc6 19. Nc4 Nb4 20. Rhc1 Rhd8 21. c3 Nc6 22.
Rd1 Nf8 23. a5 Ng6 24. Rxd8 Rxd8 25. axb6 axb6 26. e5 f6 27. Ra6 fxe5 28. f5 exf5 29. gxf5 Nf4+ 30. Bxf4 exf4 31. Nxc5 bxc5 32. Rxc6 Rd7 33. Rxc5 Kf6 34. b4 Re7+ 35. Kf3 Rd7 36. Ke2 Re7+ 37. Kf2 Be5 38. Nxe5 Rxe5 39. Rxe5 Kxe5 40.
b5 Kxf5 41. b6 g5 42. b7 g4 1-0

[Event "Early-Titled-Tuesday-Blitz-November-28-2023"]
[Site "Chess.com"]
[Date "2023.11.28"]
[Round "2"]
[White "Lion-Al-Messi"]
[Black "zozik"]
[Result "1-0"]
[WhiteElo "2655"]
[BlackElo "2374"]
[TimeControl "180+1"]
[EndTime "8:16:34 PST"]
[Termination "Lion-Al-Messi won by checkmate"]

1. e4 e6 2. d4 d5 3. exd5 exd5 4. Bd3 Nf6 5. Bg5 Be7 6. Nc3 O-O 7. Nge2 h6 8. Bf4 c5 9. dxc5 Bxc5 10. Qd2 Nc6 11.
O-O-O Re8 12. Ng3 Ne5 13. Bxe5 Rxe5 14. Rhe1 Rxe1 15. Rxe1 Be6 16. Nf5 Qd7 17. Qf4 Bxf5 18. Bxf5 Qc6 19. g4 Re8 20. Rxe8+ Qxe8 21. Kd1 d4 22.
Ne4 Nxe4 23. Bxe4 b6 24. h4 a5 25. g5 hxg5 26. hxg5 g6 27. a3 Qe7 28. Bd5 Kg7 29.
Qh4 Qd6 30. Bc4 Qe7 31. Qh6+ Kg8 32. Qxg6+ Kf8 33. Qh5 Qe5 34. Qxf7# 1-0

[Event "Early-Titled-Tuesday-Blitz-November-28-2023"]
[Site "Chess.com"]
[Date "2023.11.28"]
[Round "2"]
[White "mortngabriel"]
[Black "pirulillo"]
[Result "1-0"]
[WhiteElo "2514"]
[BlackElo "2295"]
[TimeControl "180+1"]
[EndTime "8:16:34 PST"]
[Termination "mortngabriel won by resignation"]

1. e4 c5 2. Nf3 e6 3. d4 cxd4 4.
Nxd4 Nf6 5. Nc3 Nc6 6. Ndb5 d6 7.
Bf4 e5 8. Bg5 a6 9. Na3 b5 10.
Nd5 Be7 11. Bxf6 Bxf6 12. c4 b4 13. Nc2 O-O 14. g3 Rb8 15. Bg2 b3 16. axb3 Rxb3 17. Ra2 a5 18. O-O Bg5 19. Na3 Rb8 20. Nb5 Ba6 21. Ndc3 Be7 22. Qd2 Qb6 23. Nd5 Qc5 24. Rc1 Rfd8 25. b4 Nxb4 26. Nxe7+ Kh8 27. Rxa5 Nd3 28. Qxd3 Bxb5 29. Rd1 Qxc4 30. Qxc4 Bxc4 31. Nc6 Ra8 32. Nxd8 Rxa5 33. Bf1 Bxf1 34. Kxf1 Kg8 35. Rxd6 g6 36. Rd7 1-0

[Event "Early-Titled-Tuesday-Blitz-November-28-2023"]
[Site "Chess.com"]
[Date "2023.11.28"]
[Round "2"]
[White "Aguiar94"]
[Black "Azerichess"]
[Result "0-1"]
[WhiteElo "2630"]
[BlackElo "3044"]
[TimeControl "180+1"]
[EndTime "8:16:35 PST"]
[Termination "Azerichess won by resignation"]

1. e4 e6 2. d4 d5 3. Nd2 dxe4 4.
Nxe4 Nd7 5. Nf3 Ngf6 6. Bd3 Nxe4 7. Bxe4 Nf6 8. Bd3 c5 9. O-O cxd4 10. Nxd4 Be7 11. b3 O-O 12. Bb2 a6 13. Qe2 Qc7 14. Nf3 Rd8 15. Rad1 Nd5 16. Be5 Qa5 17. c4 Nf6 18.
Qc2 h6 19. Bc3 Qc7 20. Ne5 b6 21. f4 Bb7 22. f5 Bc5+ 23. Kh1 Bd4 24. Bxd4 Rxd4 25.
Qe2 exf5 26. Bxf5 Rxd1 27. Rxd1 Re8 28. Re1 g6 29. Bg4 Be4 0-1

[Event "Early-Titled-Tuesday-Blitz-November-28-2023"]
[Site "Chess.com"]
[Date "2023.11.28"]
[Round "2"]
[White "zverr1"]
[Black "falzehope0"]
[Result "0-1"]
[WhiteElo "2538"]
[BlackElo "2362"]
[TimeControl "180+1"]
[EndTime "8:16:35 PST"]
[Termination "falzehope0 won on time"]

1. e4 d6 2. d4 Nf6 3. Nc3 Nbd7 4. Be3 e5 5. h3 c6 6. a4 Qa5 7. Qd2 Be7 8. Nge2 b5 9. b4 Qxb4 10.
axb5 cxb5 11. Rb1 Qa5 12. Nxb5 Qxd2+ 13. Bxd2 Kd8 14. dxe5 dxe5 15. Ba5+ Nb6 16. Nec3 Bb7 17. Bd3 Bc5 18. O-O Ke7 19. Rfd1 Rhc8 20. Rb3 Bc6 21. Na3 Na4 22. Nxa4 Bxa4 23. Rc3 Bd6 24. Rxc8 Rxc8 25. Nc4 Bb8 26. Bb4+ Ke8 27. Ra1 Bxc2 0-1

[Event "Early-Titled-Tuesday-Blitz-November-28-2023"]
[Site "Chess.com"]
[Date "2023.11.28"]
[Round "2"]
[White "Haykoooo0o"]
[Black "MikeSailer"]
[Result "0-1"]
[WhiteElo "2412"]
[BlackElo "2051"]
[TimeControl "180+1"]
[EndTime "8:16:35 PST"]
[Termination "MikeSailer won by checkmate"]

1. c4 e6 2. Nc3 d5 3. e3 c5 4. d4 Nf6 5. Nf3 Nc6 6. dxc5 Bxc5 7. cxd5 exd5 8. Be2 O-O 9. O-O a6 10. b3 Be6 11. Bb2 Qe7 12. Rc1 Rfd8 13. Na4 Ba7 14.
Nd4 Rac8 15. Nxc6 bxc6 16. Bxa6 Rc7 17. Be5 Rcd7 18. Rxc6 Ng4 19. Bd4 Bb8 20. h3 Qh4 21. Rxe6 Bh2+ 22. Kh1 Nxf2+ 23. Rxf2 fxe6 24. Rf1 Bb8 25.
Nc5 Qg3 26. Rf4 Bxf4 27. exf4 Rf7 28. Nxe6 Re8 29. f5 Rxf5 30. Nxg7 Re1+ 31. Qxe1 Qxe1+ 32. Kh2 Rg5 33. Bc8 Qg3+ 34. Kg1 Qxg2# 0-1

[Event "Early-Titled-Tuesday-Blitz-November-28-2023"]
[Site "Chess.com"]
[Date "2023.11.28"]
[Round "2"]
[White "DenLaz"]
[Black "IwkooO"]
[Result "1-0"]
[WhiteElo "3060"]
[BlackElo "2643"]
[TimeControl "180+1"]
[EndTime "8:16:37 PST"]
[Termination "DenLaz won by resignation"]

1. d4 Nf6 2. c4 e6 3. Nf3 b6 4. a3 Bb7 5. Nc3 Ne4 6. Nxe4 Bxe4 7. e3 g6 8. Bd3 Bxd3 9. Qxd3 Bg7 10. O-O O-O 11.
e4 d6 12. Be3 Nc6 13. Rac1 Qd7 14. b4 f5 15. d5 Ne7 16. Ng5 fxe4 17. Qxe4 exd5 18. cxd5 Rf5 19. Rfd1 Rc8 20. Ne6 Re5 21. Qc4 c6 22. Nxg7 cxd5 23. Qd3 Kxg7 24. Bd4 Kf7 25.
Bxe5 dxe5 26. Qf3+ Kg8 27. Rxc8+ Qxc8 28. Qf6 Qc7 29. h4 e4 30. g3 h5 31. Kg2 e3 32.
Qe6+ Kh7 33. Qxe3 Nf5 34. Qf3 d4 35. Re1 Qc2 36. Re8 Ne3+ 37. Kh3 Nf5 38. Qb7+ Ng7 39. Qf7 d3 40. Qg8+ 1-0

[Event "Early-Titled-Tuesday-Blitz-November-28-2023"]
[Site "Chess.com"]
[Date "2023.11.28"]
[Round "2"]
[White "vladoboch"]
[Black "Fonsofan"]
[Result "0-1"]
[WhiteElo "2433"]
[BlackElo "2716"]
[TimeControl "180+1"]
[EndTime "8:16:37 PST"]
[Termination "Fonsofan won by checkmate"]

1. e4 d6 2. d4 Nf6 3. Nc3 e5 4. dxe5 dxe5 5. Qxd8+ Kxd8 6. Bc4 Be6 7. Bxe6 fxe6 8.
Be3 Bd6 9. f3 a6 10. Nh3 Ke7 11. Nf2 Nbd7 12. Nd3 Rhc8 13. O-O c5 14. Rad1 c4 15.
Nf2 b5 16. a3 Bc5 17. Bxc5+ Nxc5 18. g4 Rd8 19. g5 Nfd7 20. Ng4 Rab8 21. Rd2 Rf8 22.
Kg2 Rf4 23. Rfd1 Rbf8 24. b4 cxb3 25. cxb3 Rxf3 26. Rxd7+ Nxd7 27. Rxd7+ Kxd7 28. Nxe5+ Kd6 29. Nxf3 Rc8 30. e5+ Ke7 31. Ne4 Rc2+ 32. Kg3 Ra2 33. Nd4 Rxa3 34. Nc5 a5 35. Nxb5 Ra2 36. Nd4 Kf7 37. Ndxe6 Re2 38. Kf4 Rxh2 39. Nd8+ Ke8 40. Ndb7 Rh4+ 41. Kf5 Ke7 42. Nxa5 g6# 0-1

[Event "Early-Titled-Tuesday-Blitz-November-28-2023"]
[Site "Chess.com"]
[Date "2023.11.28"]
[Round "2"]
[White "Firouzja2003"]
[Black "bazar-wokzal"]
[Result "1-0"]
[WhiteElo "3054"]
[BlackElo "2636"]
[TimeControl "180+1"]
[EndTime "8:16:38 PST"]
[Termination "Firouzja2003 won by resignation"]

1. d4 Nf6 2. Nc3 d5 3. Bf4 g6 4.
e3 Bg7 5. h4 h5 6. Nf3 c6 7.
Ne5 Qb6 8. a3 Ng4 9. Nd3 Nd7 10.
Na4 Qa5+ 11. b4 Qd8 12. c3 e5 13. Bg3 exd4 14. cxd4 O-O 15. Be2 Ndf6 16. Nc3 Re8 17. Bf4 a5 18. b5 a4 19. bxc6 bxc6 20. O-O Bf5 21. Nb4 c5 22. dxc5 Ne4 23. Nxe4 Bxa1 24. Nd6 Be5 25. Nc6 Qxh4 26. Nxe5 Rxe5 27. Bxe5 Nxe5 28. Qxd5 1-0

[Event "Early-Titled-Tuesday-Blitz-November-28-2023"]
[Site "Chess.com"]
[Date "2023.11.28"]
[Round "2"]
[White "Daniel_Salinas"]
[Black "dianamirza"]
[Result "1-0"]
[WhiteElo "2422"]
[BlackElo "1997"]
[TimeControl "180+1"]
[EndTime "8:16:40 PST"]
[Termination "Daniel_Salinas won by resignation"]

1. e4 c5 2. Nf3 e6 3. d4 cxd4 4.
Nxd4 a6 5. c4 Qc7 6. Nc3 Nf6 7.
Be2 Bb4 8. Nc2 Bxc3+ 9. bxc3 Nxe4 10. Qd4 Nf6 11. Bf4 Qd8 12. Bd6 Nc6 13. Qd3 Ne7 14. O-O O-O 15. Rfd1 Re8 16. Rab1 Nf5 17. Ba3 d5 18. Bf3 Qc7 19. cxd5 Rd8 20. c4 b5 21. d6 Nxd6 22. Bxd6 Qb6 23. Bxa8 Ne8 24. c5 Qa7 25. Bc6 Bd7 26. Bxd7 Rxd7 27. Qf3 Nxd6 28. Rxd6 Rxd6 1-0

[Event "Early-Titled-Tuesday-Blitz-November-28-2023"]
[Site "Chess.com"]
[Date "2023.11.28"]
[Round "2"]
[White "arenal72"]
[Black "jamengrand"]
[Result "1-0"]
[WhiteElo "2498"]
[BlackElo "2237"]
[TimeControl "180+1"]
[EndTime "8:16:43 PST"]
[Termination "arenal72 won by resignation"]

1. Nf3 Nf6 2. g3 d5 3. Bg2 e6 4. O-O Be7 5. d3 O-O 6. Nbd2 Nc6 7. c3 e5 8. e4 a5 9. b3 b6 10. Bb2 dxe4 11. Nxe4 Nxe4 12. dxe4 Ba6 13. Re1 Qxd1 14. Raxd1 Rad8 15. Bf1 Bxf1 16. Kxf1 f6 17. Ke2 Kf7 18. a4 Nb8 19. Rxd8 Rxd8 20. Rd1 Na6 21. Rxd8 Bxd8 22. Nd2 Nc5 23. Ba3 Be7 24. Bxc5 Bxc5 25. f3 g6 26. Kd3 Ke6 27. Kc4 c6 28. b4 Be3 29. Nb3 axb4 30. cxb4 Kd6 31. b5 h5 32. Na1 f5 33. Nc2 Bg1 34. h3 Bf2 35. g4 hxg4 36.
hxg4 f4 37. Nb4 cxb5+ 38. Kxb5 Kc7 39. Nd5+ Kb7 40. Ne7 g5 41. Nc6 1-0

[Event "Early-Titled-Tuesday-Blitz-November-28-2023"]
[Site "Chess.com"]
[Date "2023.11.28"]
[Round "2"]
[White "Jospem"]
[Black "bubeliang"]
[Result "1-0"]
[WhiteElo "3048"]
[BlackElo "2632"]
[TimeControl "180+1"]
[EndTime "8:16:44 PST"]
[Termination "Jospem won by resignation"]

1. e4 c6 2. d4 d5 3. e5 c5 4.
dxc5 e6 5. c3 Bxc5 6. Qg4 Ne7 7.
Bd3 Ng6 8. Nf3 Nc6 9. Qg3 Qc7 10.
Bxg6 hxg6 11. O-O a5 12. Na3 Bxa3 13. bxa3 b6 14. a4 Ba6 15. Re1 b5 16. axb5 Bxb5 17.
Ba3 Bc4 18. Bd6 Qd7 19. a4 Ne7 20. Qf4 O-O 21. Bxe7 Qxe7 22. Qg4 f6 23. Qxg6 Qf7 24. Qg3 Rab8 25. exf6 Qxf6 26. Nd4 Rb2 27. f3 Re8 28. Re5 Bd3 29. Rae1 Rb6 30. h4 Qf7 31. h5 Kh7 32.
Qg4 Bf5 33. Qg5 Rbb8 34. Nxf5 exf5 35. Qg6+ Kg8 36. Rxe8+ Rxe8 37. Rxe8+ Qxe8 38. Qxe8+ Kh7 39. Qg6+ 1-0

[Event "Early-Titled-Tuesday-Blitz-November-28-2023"]
[Site "Chess.com"]
[Date "2023.11.28"]
[Round "2"]
[White "LimeInTheCoconut"]
[Black "IsaqueGoncalvesSanto"]
[Result "1-0"]
[WhiteElo "2419"]
[BlackElo "1896"]
[TimeControl "180+1"]
[EndTime "8:16:44 PST"]
[Termination "LimeInTheCoconut won on time"]

1. e4 e6 2. d3 d5 3. Nd2 c5 4. Ngf3 Nc6 5. Be2 Nf6 6. O-O Be7 7. c3 Qc7 8. a3 b6 9. b4 Bb7 10. bxc5 bxc5 11. Rb1 O-O 12. e5 Nd7 13. d4 c4 14.
h4 f5 15. exf6 Nxf6 16. Ng5 Bc8 17. Ndf3 h6 18. Nh3 Ne4 19. Qc2 e5 20. Bxc4 Be6 21. Re1 exd4 22. Rxe4 Bxh3 23. Bxd5+ Kh8 24. gxh3 Rxf3 25.
Rxe7 Qxe7 26. Bxf3 Rc8 27. cxd4 1-0

[Event "Early-Titled-Tuesday-Blitz-November-28-2023"]
[Site "Chess.com"]
[Date "2023.11.28"]
[Round "2"]
[White "ammarzooqi"]
[Black "DenisQ"]
[Result "0-1"]
[WhiteElo "2339"]
[BlackElo "2646"]
[TimeControl "180+1"]
[EndTime "8:16:45 PST"]
[Termination "DenisQ won by resignation"]

1. e4 c6 2. c4 d5 3. cxd5 cxd5 4. exd5 Nf6 5. Nc3 Nxd5 6. Nf3 Nc6 7. Bc4 e6 8. O-O Be7 9. Re1 O-O 10. d4 Nxc3 11. bxc3 b6 12. a4 Bb7 13. Ba3 Rc8 14. Bd3 Na5 15.
Bxe7 Qxe7 16. Rc1 Rc7 17. Be4 Bxe4 18. Rxe4 Qa3 19. Re3 Rfc8 20. Ne5 Rxc3 21. Rexc3 Rxc3 22. Rxc3 Qxc3 23. h3 Nc6 24. Nf3 Qc4 25. Kh2 h6 26. g3 Qd5 27. Kg2 e5 28. Qd3 e4 0-1

[Event "Early-Titled-Tuesday-Blitz-November-28-2023"]
[Site "Chess.com"]
[Date "2023.11.28"]
[Round "2"]
[White "LaPiToB"]
[Black "Herman-NY"]
[Result "0-1"]
[WhiteElo "2267"]
[BlackElo "2503"]
[TimeControl "180+1"]
[EndTime "8:16:48 PST"]
[Termination "Herman-NY won by resignation"]

1. d4 Nf6 2. c4 g6 3. Nc3 Bg7 4. e4 d6 5. Be2 O-O 6. Bg5 c5 7. d5 b5 8. cxb5 a6 9. a4 Qa5 10. Qd2 axb5 11. Bxb5 Ba6 12. Bxa6 Nxa6 13. Nf3 Nb4 14. O-O c4 15. Nd4 Rfe8 16. Rfe1 Nd3 17. Re2 Nxd5 18. Nc6 Bxc3 19. bxc3 Qxc3 20. Qxc3 Nxc3 21.
Rc2 Nxe4 22. Bh4 g5 23. Rxc4 d5 24. Rd4 Nf4 25. Bxg5 Ne2+ 26. Kf1 Nxd4 27. Nxe7+ Kf8 28. Nxd5 Nxg5 0-1

[Event "Early-Titled-Tuesday-Blitz-November-28-2023"]
[Site "Chess.com"]
[Date "2023.11.28"]
[Round "2"]
[White "Emp3rador"]
[Black "Kirill_Klukin"]
[Result "0-1"]
[WhiteElo "2555"]
[BlackElo "2859"]
[TimeControl "180+1"]
[EndTime "8:16:51 PST"]
[Termination "Kirill_Klukin won by checkmate"]

1. e4 c5 2. Nf3 g6 3. c4 Bg7 4. d4 cxd4 5. Nxd4 Nc6 6. Be3 Nf6 7. Nc3 O-O 8. Be2 d6 9. O-O Bd7 10. Qd2 Nxd4 11. Bxd4 Bc6 12. f3 a5 13. Rfc1 a4 14.
Rab1 Nd7 15. Be3 Nc5 16. b4 axb3 17. axb3 Ra3 18. Qc2 e6 19. Rd1 Qe7 20. Bf2 Rfa8 21. h3 Be5 22. Bd4 Bxd4+ 23. Rxd4 e5 24. Rd2 Ne6 25. Bf1 Nd4 26. Qd1 Qg5 27. Kh1 Nxb3 28.
Rxd6 Nd4 29. Ne2 Nxf3 30. gxf3 Rxf3 31. Bg2 Bxe4 32. Ng1 Rxh3+ 33. Nxh3 Qxg2# 0-1

[Event "Early-Titled-Tuesday-Blitz-November-28-2023"]
[Site "Chess.com"]
[Date "2023.11.28"]
[Round "2"]
[White "Ajedrez_con_German"]
[Black "Real_taiatai"]
[Result "1-0"]
[WhiteElo "2607"]
[BlackElo "2359"]
[TimeControl "180+1"]
[EndTime "8:16:53 PST"]
[Termination "Ajedrez_con_German won by resignation"]

1. e4 e5 2. Nc3 Nc6 3. f4 Nf6 4. Nf3 d5 5. exd5 Nxd5 6. fxe5 Bg4 7. Be2 Bxf3 8. Bxf3 Nxc3 9. bxc3 Nxe5 10. Qe2 Qe7 11. Bxb7 Rb8 12. Bf3 Nxf3+ 13. gxf3 Qxe2+ 14. Kxe2 Kd7 15.
d4 Bd6 16. Kd3 g6 17. c4 c6 18. Bd2 Rhe8 19. c5 Bf8 20. Bf4 Rb4 21. Rab1 Bxc5 22. Rxb4 Bxb4 23. Rb1 c5 24. c3 Ba3 25. Rb7+ Ke6 26.
Rxa7 Bb2 27. Kc2 Kf5 28. Rxf7+ Ke6 29. Rxh7 Kf5 30. Kxb2 Kxf4 31. dxc5 Rc8 32. Rf7+ Ke3 33. Kb3 Rxc5 34. Kb4 Rh5 35. a4 Rxh2 36. a5 Rb2+ 37. Kc5 Kd3 38. a6 Ra2 39. a7 Kxc3 40. Kb6 Kc4 41.
Rf8 1-0